 Dungeon Crawl Stone Soup version 0.21.1-1-g345015fe64 (webtiles) character file.

158 Lennu the Cudgeler (level 5, -1/46 HPs)
             Began as a Draconian Monk on May 25, 2018.
             Killed by nerve-wracking pain
             ... invoked by Jessica
              (8 damage)
             ... on level 3 of the Dungeon.
             The game lasted 00:08:46 (2530 turns).

Lennu the Cudgeler (Draconian Monk)                 Turns: 2530, Time: 00:08:47

Health: -1/46      AC:  9    Str: 15    XL:     5   Next: 16%
Magic:  6/6        EV: 13    Int: 10    God:
Gold:   153        SH:  0    Dex: 13    Spells: 5/5 levels left

rFire    . . .     SeeInvis .   s - +1 flail (crush)
rCold    . . .     Gourm    +   (no shield)
rNeg     . . .     Faith    .   (armour unavailable)
rPois    .         Spirit   .   (helmet restricted)
rElec    .         Reflect  .   o - +0 cloak
rCorr    .         Harm     .   (no gloves)
MR       .....     Rnd*Tele +   f - +2 pair of boots
Stlth    ++........             e - amulet of the gourmand
HPRegen  0.15/turn              a - ring of teleportation (curse)
MPRegen  0.10/turn              (no ring)

@: no status effects
A: unfitting armour, cold-blooded, AC +5
a: no special abilities


You were on level 3 of the Dungeon.
You were completely stuffed.

You visited 1 branch of the dungeon, and saw 3 of its levels.

You collected 153 gold pieces.

Inventory:

Hand Weapons
 s - a +1 flail of crushing (weapon)
Armour
 f - a +2 pair of boots (worn)
 o - a +0 cloak (worn)
Jewellery
 a - a cursed ring of teleportation (left hand)
 e - an amulet of the gourmand (around neck)
Scrolls
 c - a scroll of remove curse
 d - a scroll of blinking
Potions
 g - a potion of flight
 h - 2 potions of curing
 i - a potion of haste
 n - a potion of might
Comestibles
 b - 2 rations
 r - 2 chunks of flesh


   Skills:
 * Level 4.1 Fighting
 * Level 4.5 Maces & Flails
 * Level 3.5 Dodging
 - Level 2.0 Stealth
 * Level 0.9 Spellcasting


You had 5 spell levels left.
You didn't know any spells.

Dungeon Overview and Level Annotations

Branches:
Dungeon (3/15)

Altars:
Elyvilon
Sif Muna

Annotations:
D:3 Jessica


Innate Abilities, Weirdness & Mutations

Your plain brown scales are hard. (AC +5)
You cannot fit into any form of body armour.
You are cold-blooded and may be slowed by cold attacks.


Message History

Pain shoots through your body!
* * * LOW HITPOINT WARNING * * *
The orc wizard gestures at you while chanting.
The magic dart hits you!
* * * LOW HITPOINT WARNING * * *
You feel better.
The orc wizard gestures at you while chanting.
The magic dart hits you!
* * * LOW HITPOINT WARNING * * *
That item cannot be evoked!
Sorry, you're not good enough to have a special ability.
Jessica gestures at you while chanting. Pain shoots through your body!
* * * LOW HITPOINT WARNING * * *
The orc wizard gestures wildly while chanting.
The orc wizard flickers and vanishes!
Deactivating autopickup; reactivate with Ctrl-A.
Jessica gestures at you while chanting. Pain shoots through your body!
You die...

#.....##.####...##
#.....##.###.....#
###.####.##......#
#.####.##......# #..........##.##
#####.##..##...# #.........##...#
########
######........###...###......####
.............##.@.....##...#.##..
.#####......##.........##....##.#
## #......#....≈≈≈....#....##.#
##.....##...≈≈≈≈≈...##)......
#......#...≈≈{@.≈≈...#...##.#
#...####...≈≈.>.≈≈...#..##...
#...# #...≈≈...≈≈...#.###...
#...# ##...≈≈≈≈≈...######.##
#...# #....≈≈≈....#......##


You could see Jessica.

Vanquished Creatures
  Ijyb (D:3)
  8 adders
  2 dart slugs
  2 leopard geckos (D:3)
  5 bats
  3 giant cockroaches
  6 goblins
  3 hobgoblins (D:3)
  8 jackals
  6 kobolds
  A quokka (D:2)
  3 frilled lizards
  7 rats
55 creatures vanquished.

Notes
Turn   | Place    | Note
-------+----------+-------------------------------------------
     0 | D:1      | Lennu the Draconian Monk began the quest for the Orb.
     0 | D:1      | Reached XP level 1. HP: 19/19 MP: 1/1
    66 | D:1      | Reached XP level 2. HP: 22/26 MP: 2/2
   905 | D:2      | Reached XP level 3. HP: 18/33 MP: 3/3
  1297 | D:2      | Found a white marble altar of Elyvilon.
  1543 | D:2      | Reached XP level 4. HP: 37/40 MP: 4/4
  1877 | D:3      | Noticed Ijyb
  1952 | D:3      | Killed Ijyb
  2257 | D:3      | Reached XP level 5. HP: 46/46 MP: 6/6
  2502 | D:3      | Noticed Jessica
  2508 | D:3      | Found a deep blue altar of Sif Muna.
  2530 | D:3      | Killed from afar by Jessica

Skill      XL: |  1  2  3  4 |
---------------+-------------+-----
Stealth        | 2 |  2.0
Dodging        | 3 |  3.5
Maces & Flails | 4 |  4.5
Fighting       | 4 |  4.1
Spellcasting   | |  0.9

Action                   |  1- 3 |  4- 6 || total
-------------------------+-------+-------++-------
Melee: Mace              |    99 |       ||    99
       Tailslap          |    11 |    19 ||    30
       Staff             |    15 |   144 ||   159
       Flail             |       |    12 ||    12
  Use: Scroll            |     4 |     5 ||     9
       Potion            |       |     5 ||     5
 Stab: Sleeping          |     8 |     5 ||    13
  Eat: Chunk             |    18 |     3 ||    21
Armor: Skin              |    35 |    55 ||    90
Dodge: Dodged            |    95 |    95 ||   190
